 Dungeon Crawl Stone Soup version 0.32-a0-643-ga006e7742e (webtiles) character file.

Game seed: 12618755069988927864

5278 Malificent the Prestidigitator (level 10, 0/70 HPs)
             Began as a Coglin Artificer on Mar 7, 2024.
             Was a Priest of Vehumet.
             Slain by a troll (8 damage)
             ... on level 9 of the Dungeon.
             The game lasted 00:44:58 (7513 turns).

Malificent the Prestidigitator (Coglin Artificer)   Turns: 7513, Time: 00:44:59

Health: 0/70       AC: 12    Str: 16    XL:     10   Next: 63%
Magic:  3/15       EV: 12    Int: 12    God:    Vehumet [***...]
Gold:   449        SH:  0    Dex: 14    Spells: 10/16 levels left

rFire   + . .        g - +3 Elemental Staff {ele, rElec rF+ rC+ AC+3}
rCold   + . .        w - +3 hand axe (vamp) {Nkonkoni}
rNeg    + . .        E - +0 acid dragon scales
rPois   .            (no helmet)
rElec   +            (no cloak)
rCorr   +            (no gloves)
SInv    .            B - +1 pair of boots of Refugopt {rN+}
Will    .....        (amulet unavailable)
Stlth   ++           (ring unavailable)
HPRegen 0.31/turn    (ring unavailable)
MPRegen 0.14/turn    (no gizmo)

%: no passive effects
@: lethally poisoned (0 -> -3), hasted and slowed
A: off-hand wielding, slow wielding, warmup strikes, no jewellery
a: Invent Gizmo, Renounce Religion


You were on level 9 of the Dungeon.
You worshipped Vehumet.
Vehumet was most pleased with you.
You visited 2 branches of the dungeon, and saw 11 of its levels.

You collected 449 gold pieces.

Inventory:

Hand Weapons
 g - the +3 Elemental Staff (weapon) {ele, rElec rF+ rC+ AC+3}
   (You acquired it on level 1 of the Dungeon)

   AC+3:      It affects your AC (+3).
   rF+:       It protects you from fire.
   rC+:       It protects you from cold.
   rElec:     It insulates you from electricity.
 h - a +3 dagger of venom {Somchit}
 w - a +3 vampiric hand axe (offhand) {Nkonkoni}
Missiles
 l - a throwing net
Armour
 b - a +0 leather armour
 i - a +0 pair of gloves
 q - a +0 buckler
 x - a +0 helmet
 A - a +0 robe of cold resistance
 B - the +1 pair of boots of Refugopt (worn) {rN+}
   (You found it on level 9 of the Dungeon)

   rN+:       It protects you from negative energy.
 E - +0 acid dragon scales (worn)
Magical Staves
 y - a staff of alchemy
Wands
 d - a wand of charming (6)
 e - a wand of iceblast (1)
 m - a wand of roots (2)
 z - a wand of mindburst (1)
Scrolls
 k - 3 scrolls of teleportation
 r - a scroll of silence
 t - a scroll of poison
 C - a scroll of enchant armour {unknown}
 D - a scroll of summoning
Potions
 c - a potion of mutation
 j - a potion of haste
 n - 3 potions of curing
 o - 2 potions of invisibility
 s - a potion of might
 v - a potion of attraction {unknown}


   Skills:
 + Level 3.3 Fighting
 - Level 1.5 Short Blades
 + Level 3.2 Axes
 + Level 0.3(3.5) Maces & Flails
 * Level 4.6(4.7) Staves
 + Level 3.8 Armour
 + Level 2.5 Dodging
 + Level 2.1 Stealth
 * Level 3.9 Spellcasting
 * Level 2.2 Conjurations
 * Level 4.2 Fire Magic
 * Level 4.1 Ice Magic
 * Level 4.1 Air Magic
 * Level 4.3 Earth Magic
 * Level 8.0 Evocations


You had 10 spell levels left.
You knew the following spells:

 Your Spells              Type           Power      Damage    Failure   Level
a - Magic Dart            Conj           28%        1d4       3%          1
b - Scorch                Fire           36%        2d6       2%          2
c - Frozen Ramparts       Ice            36%        1d6       4%          3

Your spell library contained the following spells:

 Spells                   Type           Power      Damage    Failure   Level


Dungeon Overview and Level Annotations

Branches:
Dungeon (10/15)            Temple (1/1) D:4
   Lair: D:8-11         Orc: D:9-12

Altars:
Cheibriados
Elyvilon
Fedhas
Gozag
Hepliaklqana
Kikubaaqudgha
Makhleb
Nemelex Xobeh
Okawaru
Ru
Sif Muna
Trog
Uskayaw
Vehumet
Wu Jian
Xom
Yredelemnul
Zin
Lugonu

Shops:
D:5 (   D:6 (   D:7 :*   D:10 *

Portals:
Abyss: D:4


Innate Abilities, Weirdness & Mutations

You can wield a second weapon in your off-hand.
It takes a long time for you to wield or remove held weapons.
Your first few attacks do less damage.
You cannot equip rings or amulets.


Message History

You are poisoned.
You have difficulty breathing.
You feel yourself slow down. The troll bites you but does no damage.
The troll closely misses you. The troll claws you but does no damage.
Casting: Scorch (safe; 2% risk of failure)
Press: ? - help, Q - select action, (/) - cycle Dir - look around, f - activate You feel a surge of power!
Flames lash the troll.
The troll is burned terribly!
The troll is almost dead.
You feel very sick.
The kobold brigand throws a curare-tipped dart.
The curare-tipped dart barely misses you.
The troll bites you! The troll claws you but does no damage.
The troll closely misses you. The troll bites you! The troll claws you!
* * * LOW HITPOINT WARNING * * *
The troll closely misses you.
You feel much better.
You feel very sick.
The wall freezes the kobold brigand but does no damage.
The troll bites you! The troll claws you but does no damage.
The troll barely misses you.
You feel yourself speed up.
The frozen ramparts melt away.
You feel sick. The troll bites you.
* * * LOW HITPOINT WARNING * * *
The troll barely misses you. The troll closely misses you.
The kobold brigand hits you but does no damage.
The troll bites you!
* * * LOW HITPOINT WARNING * * *
The troll claws you but does no damage. The troll closely misses you.
The troll bites you.
* * * LOW HITPOINT WARNING * * *
The troll claws you but does no damage. x2
You feel much better.
You feel sick.
The kobold brigand hits you with a +0 short sword.
* * * LOW HITPOINT WARNING * * *
The troll misses you. The troll closely misses you. The troll claws you.
* * * LOW HITPOINT WARNING * * *
The troll bites you.
* * * LOW HITPOINT WARNING * * *
The troll closely misses you. The troll claws you!
You die...

.........
.........
.....P...
##..♣(..#
........#
...♣P...#
.....(TK####
#...T@##.##
#####......##
.##......†....#
........##†.###
........###.###
#.......##.>..#
#............##
#####.........#
..#
#.....)(..##.##


You could see 2 trolls and a kobold brigand.

Vanquished Creatures
  A two-headed ogre (D:8)
  A manticore (D:7)
  A hornet (D:8)
  3 yaks (D:9)
  A wyvern (D:5)
  Menkaure (D:6)
  2 water moccasins (D:8)
  2 ice beasts
  2 black bears (D:6)
  2 orc warriors
  2 sky beasts
  2 ogres
  3 kobold brigands
  5 bullfrogs
  A scorpion (D:4)
  9 wights
  3 killer bees
  2 howler monkeys
  A bombardier beetle (D:5)
  2 gnoll boudas
  3 jellies
  2 orc priests
  7 hounds
  A sleepcap (D:6)
  2 iguanas
  4 orc wizards
  8 gnolls
  11 adders
  A shadow imp (D:8)
  A white imp (D:7)
  4 ufetubi (D:5)
  4 dart slugs
  2 ribbon worms
  18 orcs
  7 ball pythons
  6 endoplasms
  A giant cockroach (D:1)
  3 goblins
  6 hobgoblins
  16 kobolds
  2 quokkas
  4 bats
  5 frilled lizards
  5 rats
  A lurking horror (D:4)
170 creatures vanquished.

Vanquished Creatures (collateral kills)
  An acid dragon (D:9)
  2 killer bees (D:7)
  2 orcs (D:6)
  3 kobolds
8 creatures vanquished.

Vanquished Creatures (others)
  A water moccasin (D:6)
  A wight (D:7)
  A killer bee (D:7)
  A kobold (D:7)
4 creatures vanquished.

Grand Total: 182 creatures vanquished

Notes
Turn   | Place    | Note
-------+----------+-------------------------------------------
     0 | D:1      | Malificent the Coglin Artificer began the quest for the
                  | Orb.
     0 | D:1      | Reached XP level 1. HP: 15/15 MP: 1/1
   184 | D:1      | Reached XP level 2. HP: 20/21 MP: 2/2
   238 | D:1      | Reached skill level 1 in Dodging
   369 | D:1      | Reached XP level 3. HP: 26/26 MP: 3/3
   382 | D:1      | Reached skill level 5 in Evocations
   632 | D:1      | Identified a scroll of acquirement
   632 | D:1      | Acquired the +3 Elemental Staff {ele, rElec rF+ rC+ AC+3}
   632 | D:1      | Found the +3 Elemental Staff {ele, rElec rF+ rC+ AC+3}
  1726 | D:3      | Reached XP level 4. HP: 32/32 MP: 4/4
  2470 | D:4      | Found an ornate altar of the Wu Jian Council.
  2509 | D:4      | Reached skill level 1 in Staves
  2509 | D:4      | Reached XP level 5. HP: 37/37 MP: 5/5
  2564 | D:4      | Reached skill level 1 in Short Blades
  2636 | D:4      | Reached skill level 1 in Stealth
  2636 | D:4      | Reached skill level 1 in Fire Magic
  2676 | D:4      | Found a staircase to the Ecumenical Temple.
  2683 | Temple   | Entered the Ecumenical Temple
  2714 | Temple   | Became a worshipper of Vehumet
  2797 | D:4      | Found a corrupted altar of Lugonu.
  2798 | D:4      | Found a one-way gate to the infinite horrors of the Abyss.
  2909 | D:4      | Found an iron altar of Okawaru.
  2955 | D:4      | Reached skill level 1 in Earth Magic
  2956 | D:4      | Reached XP level 6. HP: 43/43 MP: 6/6
  2971 | D:4      | Found a sparkling altar of Nemelex Xobeh.
  2993 | D:4      | Reached skill level 1 in Ice Magic
  2997 | D:4      | Found a blossoming altar of Fedhas.
  3120 | D:4      | Reached skill level 1 in Air Magic
  3484 | D:5      | Entered Level 5 of the Dungeon
  3499 | D:5      | Noticed a wyvern
  3506 | D:5      | Killed a wyvern
  3507 | D:5      | Reached XP level 7. HP: 38/49 MP: 7/7
  3591 | D:5      | Found Beham's Antique Weapon Emporium.
  3721 | D:5      | Reached * piety under Vehumet
  3721 | D:5      | Offered knowledge of Magic Dart by Vehumet.
  3858 | D:5      | Reached skill level 1 in Spellcasting
  4082 | D:5      | Found a hide-covered altar of Uskayaw.
  4299 | D:6      | Reached skill level 6 in Evocations
  4299 | D:6      | Reached XP level 8. HP: 51/56 MP: 9/9
  4339 | D:6      | Found the +5 robe of Misfortune {Harm *Corrode *Slow EV+5}
  4459 | D:6      | Noticed Menkaure
  4500 | D:6      | Found Efroasue's Hydra Hut.
  4501 | D:6      | Noticed a seven-headed hydra
  4506 | D:6      | Killed Menkaure
  4552 | D:6      | Reached skill level 1 in Axes
  5112 | D:6      | Reached XP level 9. HP: 57/62 MP: 12/12
  5156 | D:6      | Learned a level 1 spell: Magic Dart
  5292 | D:7      | Found Dagioc's Tremendous Tomes.
  5400 | D:7      | Noticed a manticore
  5405 | D:7      | Reached ** piety under Vehumet
  5409 | D:7      | Offered knowledge of Scorch by Vehumet.
  5659 | D:6      | Learned a level 2 spell: Scorch
  5662 | D:7      | Reached skill level 7 in Evocations
  5688 | D:7      | Found Golidajuij's Profane Products.
  5724 | D:7      | Killed a manticore
  5725 | D:7      | Reached skill level 1 in Conjurations
  5805 | D:7      | Found a burning altar of Makhleb.
  5805 | D:7      | Noticed a blizzard demon
  6240 | D:8      | Noticed a two-headed ogre
  6268 | D:8      | Killed a two-headed ogre
  6269 | D:8      | Reached XP level 10. HP: 69/70 MP: 3/14
  6277 | D:8      | Offered knowledge of Frozen Ramparts by Vehumet.
  6348 | D:8      | Reached *** piety under Vehumet
  6357 | D:8      | Learned a level 3 spell: Frozen Ramparts
  7023 | D:8      | Noticed a death knight
  7069 | D:9      | Identified the +1 pair of boots of Refugopt {rN+}
  7142 | D:9      | Reached skill level 8 in Evocations
  7471 | D:10     | Entered Level 10 of the Dungeon
  7471 | D:10     | Found Zin's Purification Station.
  7471 | D:10     | Found a glowing silver altar of Zin.
  7512 | D:9      | HP: 1/70 [troll (5)]
  7513 | D:9      | Slain by a troll

Illustrated notes

Levels and vault maps discovered:
D:1:      psy_arrival_radial01, layout_basic
D:2:      layout_loops_ring, kennysheep_generic_room_13
D:3:      mumra_celtic_spiral_tile, layout_rooms, nrook_uturn, wad_orctagon
D:4:      layout_basic, nzn_wu_jian_contemplation, okawaru_ov_weapons_minmay,
          nemelex_altar_shiori, mainiacjoe_overflow_concentric_impassable,
          minmay_temple_entry_wispy, kennysheep_pointless_box,
          amcnicky_altar_lugonu_corruption
D:5:      layout_basic, mainiacjoe_overflow_small_starburst, serial_shops,
          nicolae_shop_real_fake_doors
D:6:      layout_loops_cross, doesnt_shop_hydraphobe, uniq_menkaure
D:7:      layout_cave_pools, makhleb_altar_promises_db,
          nicolae_shop_i_like_big_books, nicolae_evil_shop
D:8:      layout_cave_pools, eino_small_chamber_without_monster,
          kennysheep_path_1, wad_dig_loot
D:9:      layout_cave_pools, nicolae_qazlal_scattered_showers,
          grunt_temple_overflow_open, serial_park, serial_park_avenue1,
          serial_park_square3 [serial_park_minivault_5x5_1], serial_park_tiny_2,
          serial_park_square3 [serial_park_minivault_5x5_1],
          serial_park_tiny_pond
D:10:     layout_basic, kennysheep_mini_moat, zin_purify, uniq_nergalle
Temple:   bh_familiar_temple

Skill      XL: |  1  2  3  4  5  6  7  8  9 10 |
---------------+-------------------------------+-----
Armour         | 2 3 |  3.8
Dodging        | 1 2 |  2.5
Evocations     | 5 6 7 8 |  8.0
Staves         | 1 2 3 4 |  4.6
Short Blades   | 1 |  1.5
Stealth        | 1 2 |  2.1
Fire Magic     | 1 2 3 4 |  4.2
Earth Magic    | 1 2 3 4 |  4.3
Ice Magic      | 1 2 3 4 |  4.1
Air Magic      | 1 2 3 4 |  4.1
Fighting       | 2 3 |  3.3
Spellcasting   | 1 2 3 |  3.9
Axes           | 1 3 |  3.2
Conjurations   | 1 2 |  2.2
Maces & Flails | |  0.3

Action                     |  1- 3 |  4- 6 |  7- 9 | 10-12 || total
---------------------------+-------+-------+-------+-------++-------
  Melee: Club              |    15 |       |       |       ||    15
         Dagger            |    92 |    57 |    18 |       ||   167
         Staff             |    20 |    60 |   117 |    37 ||   234
         Hand axe          |       |       |    92 |    31 ||   123
   Cast: Scorch            |       |       |    14 |    27 ||    41
         Magic Dart        |       |       |     1 |       ||     1
         Frozen Ramparts   |       |       |       |     5 ||     5
  Evoke: Wand              |       |    10 |    28 |     7 ||    45
    Use: Scroll            |     7 |     2 |    16 |     4 ||    29
         Potion            |       |       |     1 |     3 ||     4
   Stab: Distracted        |     1 |       |       |       ||     1
         Sleeping          |     2 |       |     1 |       ||     3
 Armour: Leather armour    |    60 |    34 |   117 |    38 ||   249
         Acid dragon scale |       |       |       |    27 ||    27
  Dodge: Dodged            |    52 |    29 |   106 |    55 ||   242

Table legend: (Time is in decaauts)
 A = Elapsed time spent in this place.
 B = Non-inter-level travel time spent in this place.
 C = Inter-level travel time spent in this place.
 D = Time resting spent in this place.
 E = Time spent auto-exploring this place.
 F = Levels seen in this place.
 G = Mean time per level.
                   A        B        C        D        E       F      G
               +--------+--------+--------+--------+--------+-----+--------+
         Total |   7544 |   7362 |    182 |   1164 |   4284 |  11 |  685.8 |
       Dungeon |   7482 |   7359 |    123 |   1164 |   4284 |  10 |  748.2 |
        Temple |     61 |      2 |     59 |      0 |      0 |   1 |   61.0 |
               +--------+--------+--------+--------+--------+-----+--------+

Top non-repeatable levels by time:
     D:8: 1205 daAuts
     D:6: 1085 daAuts
     D:4: 990 daAuts
     D:3: 946 daAuts
     D:2: 803 daAuts
     D:5: 776 daAuts
     D:7: 776 daAuts
     D:1: 690 daAuts
     D:9: 194 daAuts
  Temple: 61 daAuts
    D:10: 14 daAuts
